 Dungeon Crawl Stone Soup version 0.22.1 (webtiles) character file.

1899 Fang the Cleaver (level 9, -8/55 HPs)
             Began as a Gargoyle Berserker on Sept 17, 2018.
             Was a Priest of Trog.
             Splashed by a jelly's acid (9 damage)
             ... on level 6 of the Dungeon.
             The game lasted 00:08:42 (6162 turns).

Fang the Cleaver (Gargoyle Berserker)               Turns: 6162, Time: 00:08:43

Health: -8/55      AC:  0    Str: 23    XL:     9   Next: 15%
Magic:  9/9        EV: 13    Int:  9    God:    Trog [***...]
Gold:   155        SH:  0    Dex: 13    Spells: 8/8 levels left

rFire    . . .     SeeInvis .   a - +1 hand axe
rCold    + . .     Gourm    +   (no shield)
rNeg     + . .     Faith    .   w - +0 leather armour {rC+}
rPois    ∞         Spirit   .   (no helmet)
rElec    +         Reflect  .   m - scarf {repulsion}
rCorr    .         Harm     .   (no gloves)
MR       .....                  q - +2 pair of boots
Stlth    ++++......             d - amulet of the gourmand
HPRegen  0.18/turn              l - +4 ring of dexterity
MPRegen  0.11/turn              i - ring of stealth

@: corroded, repel missiles
A: negative energy resistance 1, electricity resistance, unbreathing,
petrification resistance, rot immunity, AC +6
a: Berserk, Trog's Hand, Renounce Religion


You were on level 6 of the Dungeon.
You worshipped Trog.
Trog was most pleased with you.
You were completely stuffed.

You visited 2 branches of the dungeon, and saw 7 of its levels.

You collected 290 gold pieces.
You spent 135 gold pieces at shops.

Inventory:

Hand Weapons
 a - a +1 hand axe (weapon)
Armour
 m - a scarf of repulsion (worn)
 q - a +2 pair of boots (worn)
 w - a +0 leather armour of cold resistance (worn)
Jewellery
 d - an amulet of the gourmand (around neck)
 f - an uncursed ring of fire
 i - a ring of stealth (right hand)
 l - a +4 ring of dexterity (left hand)
 n - an uncursed ring of stealth
Wands
 o - a wand of random effects (24)
Scrolls
 g - 3 scrolls of remove curse
 h - a scroll of enchant armour {unknown}
 k - a scroll of identify
 r - a scroll of fear {unknown}
 s - a scroll of blinking {unknown}
 t - a scroll of amnesia {unknown}
Potions
 e - 4 potions of haste
 j - a potion of cancellation
 p - a potion of curing
 v - a potion of magic {unknown}
Comestibles
 c - 12 rations


   Skills:
 + Level 5.9 Fighting
 + Level 8.0 Axes
 + Level 2.5 Armour
 + Level 4.2 Dodging
 + Level 5.4 Stealth


You had 8 spell levels left.
You didn't know any spells.
Your spell library was empty.

Dungeon Overview and Level Annotations

Branches:
Dungeon (6/15)             Temple (1/1) D:5

Altars:
Dithmenos
Makhleb
Uskayaw

Shops:
D:5 %}*[

Annotations:
D:4 1 runed door, Rydian's ghost, amateur MfSk


Innate Abilities, Weirdness & Mutations

You are resistant to torment.
Your stone body is resilient. (AC +6)
You are immune to poison.
You resist negative energy. (rN+)
You are resistant to electric shocks. (rElec)
You can survive without breathing.
You are immune to petrification.
You are immune to rotting.


Message History

The jelly is lightly wounded.
The crimson imp blinks!
You hit the jelly but do no damage.
Your hands burn!
* * * LOW HITPOINT WARNING * * *
The jelly is lightly wounded.
The jelly misses you.
You hit the jelly.
Your hands burn!
* * * LOW HITPOINT WARNING * * *
The jelly is moderately wounded.
The jelly hits you but does no damage.
You hit the jelly. The acid corrodes you!
Your hands burn!
* * * LOW HITPOINT WARNING * * *
The jelly is heavily wounded.
The jelly closely misses you.
You completely miss the jelly.
The jelly is heavily wounded.
The jelly hits you.
* * * LOW HITPOINT WARNING * * *
You are splashed with acid!
The acid burns!
You die...

# # #####.# # ######.###
##### # ........###...##
# #..##.#.##.###.## #
#..##.#.#.## ##.# #
#5.##.....# #..
######..####.#.## ##..
#............##.###.##
......#.J@...†######...##
###.#.#.#.......# #####
#.........#..#.#
..#.#.#.#...#.#
#.#.#.#.#.# # . #...._..#
.. ###.#.### #... #...


You could see a jelly and a crimson imp.

Vanquished Creatures
  Sigmund (D:4)
  Eustachio (D:6)
  Menkaure (D:6)
  Edmund (D:4)
  An ice beast (D:6)
  A sky beast (D:6)
  4 ogres
  2 bullfrogs (D:6)
  2 scorpions (D:4)
  A centaur zombie (D:6)
  A crimson imp (D:6)
  A bullfrog zombie (D:6)
  A centaur skeleton (D:5)
  A hound (D:6)
  2 orc priests
  4 orc wizards
  A worker ant (D:6)
  3 gnolls (D:6)
  7 adders
  2 oozes (D:1)
  2 adder zombies (D:6)
  5 worms
  2 dart slugs
  7 leopard geckos
  12 orcs
  2 bats (D:3)
  3 giant cockroaches
  5 goblins
  12 hobgoblins
  4 jackals (D:6)
  12 kobolds
  2 quokkas
  3 ball pythons
  3 frilled lizards
  10 rats
122 creatures vanquished.

Notes
Turn   | Place    | Note
-------+----------+-------------------------------------------
     0 | D:1      | Fang the Gargoyle Berserker began the quest for the Orb.
     0 | D:1      | Reached XP level 1. HP: 14/14 MP: 1/1
    58 | D:1      | HP: 1/21 [hobgoblin/club (2)]
   345 | D:1      | Reached XP level 2. HP: 18/19 MP: 2/2
   359 | D:1      | Reached skill level 3 in Axes
   616 | D:1      | Reached XP level 3. HP: 21/23 MP: 3/3
   957 | D:1      | Reached ** piety under Trog
  1363 | D:2      | Found a burning altar of Makhleb.
  1363 | D:2      | Noticed a green death
  1436 | D:2      | Reached XP level 4. HP: 29/29 MP: 4/4
  2223 | D:3      | Reached skill level 4 in Axes
  2421 | D:3      | Reached XP level 5. HP: 24/33 MP: 5/5
  2423 | D:3      | Reached skill level 1 in Stealth
  3092 | D:3      | Reached *** piety under Trog
  3248 | D:4      | Found a runed door.
  3253 | D:4      | Noticed Rydian's ghost (amateur MfSk)
  3276 | D:4      | Reached XP level 6. HP: 39/39 MP: 6/6
  3346 | D:4      | Found a shadowy altar of Dithmenos.
  3367 | D:4      | Reached skill level 5 in Axes
  3555 | D:4      | Reached XP level 7. HP: 44/44 MP: 7/7
  3562 | D:4      | Noticed Edmund
  3573 | D:4      | Killed Edmund
  3900 | D:4      | Noticed Sigmund
  3913 | D:4      | Killed Sigmund
  4037 | D:5      | Entered Level 5 of the Dungeon
  4106 | D:5      | Reached skill level 6 in Axes
  4145 | D:5      | Found Soukag's General Store.
  4281 | D:5      | Reached XP level 8. HP: 16/48 MP: 8/8
  4554 | D:5      | Found Gasmiss's Gadget Shop.
  4591 | D:5      | Found Caseng's Antique Armour Boutique.
  4596 | D:5      | Bought a pair of glowing boots for 135 gold pieces
  4825 | D:5      | Found a staircase to the Ecumenical Temple.
  4980 | D:5      | Found Jics's Food Shoppe.
  5060 | Temple   | Entered the Ecumenical Temple
  5338 | D:6      | Reached skill level 5 in Fighting
  5507 | D:6      | Noticed Menkaure
  5520 | D:6      | Killed Menkaure
  5794 | D:6      | Reached skill level 5 in Stealth
  5819 | D:6      | Noticed Eustachio
  5832 | D:6      | Reached skill level 7 in Axes
  5835 | D:6      | Killed Eustachio
  6031 | D:6      | Reached XP level 9. HP: 45/55 MP: 9/9
  6073 | D:6      | Found a hide-covered altar of Uskayaw.
  6104 | D:6      | Reached skill level 8 in Axes
  6161 | D:6      | HP: 2/55 [acid (1)]
  6162 | D:6      | Splashed by a jelly's acid

Skill      XL: |  1  2  3  4  5  6  7  8  9 |
---------------+----------------------------+-----
Axes           | 3 4 5 6 7 8 |  8.0
Fighting       | 4 5 |  5.9
Dodging        | 2 3 4 |  4.2
Stealth        | 1 3 4 5 |  5.4
Armour         | |  2.5

Action                   |  1- 3 |  4- 6 |  7- 9 || total
-------------------------+-------+-------+-------++-------
Melee: Hand axe          |   131 |   169 |   259 ||   559
Invok: Berserk           |     1 |     2 |     5 ||     8
  Use: Scroll            |       |     7 |     1 ||     8
 Stab: Sleeping          |       |    10 |     6 ||    16
       Distracted        |       |       |     1 ||     1
  Eat: Chunk             |     7 |    16 |    13 ||    36
Armor: Animal skin       |    37 |    44 |    40 ||   121
       Leather armour    |       |       |    41 ||    41
Dodge: Dodged            |    90 |    74 |   139 ||   303
